 Dungeon Crawl Stone Soup version 0.28.0-53-g5a82cb258f (webtiles) character file.

Game seed: 16109045660102217300

2 moldycheese5 the Grave Robber (level 1, -1/10 HPs)
             Began as a Deep Elf Necromancer on June 17, 2022.
             Killed from afar by a dart slug (2 damage)
             ... with a slug dart
             ... on level 1 of the Dungeon.
             The game lasted 00:00:47 (141 turns).

moldycheese5 the Grave Robber (Deep Elf Necromancer) Turns: 141, Time: 00:00:48

Health: -1/10      AC:  2    Str:  5    XL:     1   Next: 25%
Magic:  4/6        EV: 12    Int: 19    God:
Gold:   27         SH:  0    Dex: 15    Spells: 5/6 levels left

rFire   . . .      SeeInvis .   (no weapon)
rCold   . . .      Faith    .   (no shield)
rNeg    . . .      Spirit   .   a - +0 robe
rPois   .          Reflect  .   (no helmet)
rElec   .          Harm     .   (no cloak)
rCorr   .          Rampage  .   (no gloves)
Will    .....                   (no boots)
Stlth   ++........              (no amulet)
HPRegen 0.03/turn               (no ring)
MPRegen 0.10/turn               (no ring)

@: no status effects
A: no striking features
a: no special abilities


You were on level 1 of the Dungeon.
You visited 1 branch of the dungeon, and saw 1 of its levels.

You collected 27 gold pieces.

Inventory:

Armour
 a - a +0 robe (worn)
Scrolls
 b - a scroll of enchant weapon {unknown}
 c - a scroll of identify {unknown}
Potions
 d - a potion of brilliance {unknown}


   Skills:
 + Level 2.4 Dodging
 + Level 2.4 Stealth
 + Level 3.0 Spellcasting
 + Level 4.9 Necromancy


You had 5 spell levels left.
You knew the following spells:

 Your Spells              Type           Power      Damage    Failure   Level
a - Pain                  Necr           84%        1d8       1%          1

Your spell library contained the following spells:

 Spells                   Type           Power      Damage    Failure   Level
 Animate Skeleton         Necr           42%        N/A       1%          1
 Vampiric Draining        Necr           21%        2d7       6%          3
 Animate Dead             Necr           10%        N/A       21%         4
 Agony                    Necr           21%        N/A       50%         5


Dungeon Overview and Level Annotations

Branches:
Dungeon (1/15)

Altars:


Message History

You can't see any susceptible monsters within range! (Use Z to cast anyway.)
You can't see any susceptible monsters within range! (Use Z to cast anyway.) Magic restored.
HP restored.
You now have 27 gold pieces (gained 14).
d - a bubbling yellow potion
Found an escape hatch in the floor.
Found a stone staircase leading down.
A dart slug comes into view.
A dart slug is nearby!
A dart slug comes into view.
A goblin comes into view. It is wielding a +0 club.
Found a robe.
You see here 2 blue potions.
A rat comes into view.
There are monsters nearby!
The dart slug writhes in agony.
The dart slug launches a dart at you. The slug dart hits you.
The goblin shouts!
The goblin writhes in agony.
The dart slug launches a dart at you. The slug dart hits you.
Ouch! That really hurt!
* * * LOW HITPOINT WARNING * * *
You are too injured to fight recklessly!
You are too injured to fight recklessly!
You are too injured to fight recklessly!
You see here 2 blue potions.
You are too injured to fight recklessly!
You are too injured to fight recklessly!
Aiming: Pain (safe; 1% risk of failure)
Press: ? - help, Q - select action Shift-Dir - straight line, f/p - goblin
Aim: a goblin, wielding a +0 club (moderately wounded, chance to affect: 90%)
The goblin writhes in agony.
The goblin misses you. The goblin hits you but does no damage.
The dart slug launches a dart at you. The slug dart hits you.
You die...

#...# #.#.# #.#.<.#.## # #...#
##..###.#.#.#.#.##. #...#
#>...#.###.#.###.##
.####...######.>...# ##.## #.#
...............#.#.####.#.###..#
........!....w...#...#.###.#..##
.[..........rw........#####...#
.####...######.g.#.##.........##
......# #.@...##.........##
##....# ##..#..#..#########
#....# #..##.#..# # ......#
#..##.#..# # .#....# #........#
# ##.##.##.# #####
#.##....#####....
#.#####...)...### #.#######


You could see 2 dart slugs, a goblin and a rat.

Vanquished Creatures
  An endoplasm (D:1)
  A goblin (D:1)
2 creatures vanquished.

Notes
Turn   | Place    | Note
-------+----------+-------------------------------------------
     0 | D:1      | moldycheese5 the Deep Elf Necromancer began the quest for
                  | the Orb.
     0 | D:1      | Reached XP level 1. HP: 10/10 MP: 6/6
   141 | D:1      | Killed from afar by a dart slug

Illustrated notes

Levels and vault maps discovered:
D:1:      minmay_arrival_diagonal_passages, layout_loops_cross, serial_shops,
          shop, minmay_worlds_worst_comb

Action                   || total
-------------------------++-------
 Cast: Pain              ||     5
Armor: Robe              ||     1
Dodge: Dodged            ||     1
